 Dungeon Crawl Stone Soup version 0.22.0-60-ga52c2fc (webtiles) character file.

220 Starchild the Grave Robber (level 5, -1/35 HPs)
             Began as a Vampire Necromancer on Sept 9, 2018.
             Killed by divine providence
             ... invoked by an orc priest
              (12 damage)
             ... on level 3 of the Dungeon.
             The game lasted 00:15:04 (3782 turns).

Starchild the Grave Robber (Vampire Necromancer)    Turns: 3782, Time: 00:15:05

Health: -1/35      AC:  2    Str:  7    XL:     5   Next: 64%
Magic:  1/8        EV: 13    Int: 17    God:
Gold:   150        SH:  0    Dex: 16    Spells: 3/8 levels left

rFire    . . .     SeeInvis +   d - +0 dagger
rCold    + . .     Gourm    .   (no shield)
rNeg     + + .     Faith    .   a - +0 robe
rPois    +         Spirit   .   (no helmet)
rElec    .         Reflect  .   (no cloak)
rCorr    .         Harm     .   (no gloves)
MR       .....                  (no boots)
Stlth    +++.......             (no amulet)
HPRegen  0.05/turn              (no ring)
MPRegen  0.11/turn              (no ring)

@: regenerating slowly
A: fangs 3, see invisible, unbreathing
a: Bat Form


You were on level 3 of the Dungeon.
You were very thirsty.

You visited 1 branch of the dungeon, and saw 3 of its levels.

You collected 150 gold pieces.

Inventory:

Hand Weapons
 d - a +0 dagger (weapon)
Missiles
 b - 77 stones (quivered)
 h - 6 javelins
Armour
 a - a +0 robe (worn)
 f - a +0 shield
Jewellery
 k - a cursed ring of teleportation {unknown}
Scrolls
 e - 4 scrolls of identify {unknown}
 j - a scroll of teleportation {unknown}
Potions
 c - 9 potions of blood
 g - a potion of curing {unknown}
 i - a potion of flight {unknown}


   Skills:
 * Level 2.2 Short Blades
 - Level 2.1 Dodging
 - Level 3.0 Stealth
 - Level 2.0 Spellcasting
 + Level 7.2 Necromancy


You had 3 spell levels left.
You knew the following spells:

 Your Spells              Type           Power        Failure   Level  Hunger
a - Pain                  Necr           ####         1%          1    #......
b - Animate Skeleton      Necr           N/A          1%          1    #......
c - Vampiric Draining     Necr           ####......   3%          3    ###....

Your spell library contained the following spells:

 Spells                   Type           Power        Failure   Level  Hunger
 Regeneration             Chrm/Necr      ##........   13%         3    ###....
 Animate Dead             Necr           N/A          10%         4    #####..


Dungeon Overview and Level Annotations

Branches:
Dungeon (3/15)

Altars:


Innate Abilities, Weirdness & Mutations

You heal slowly.
You have razor-sharp teeth.
You have supernaturally acute eyesight. (SInv)
You can survive without breathing.


Message History

You struggle to resist.
Casting: Vampiric Draining (safe; 3% risk of failure)
Confirm with . or Enter, or press ? or * to list all spells.
Aiming: Vampiric Draining (safe; 3% risk of failure)
Press: ? - help, Shift-Dir - straight line, f/p - orc priest
Aim: an orc priest, wielding a hand axe (severely wounded)
You kill the orc priest!
Your Short Blades skill increases to level 2!
You feel life coursing into your body.
The orc priest begins to cast a cantrip, but forgets the words!
The orc priest calls down the wrath of Beogh upon you.
You struggle to resist.
The orc priest calls down the wrath of Beogh upon you.
Pain shoots through your body!
* * * LOW HITPOINT WARNING * * *
You see here 21 arrows.
Okay, then.
The orc priest mumbles some strange prayers to Beogh against you.
Beogh smites you!
You die...

#.# #...)..# #
#.####......#
#.........###
##..o.....# #K..........
####(...........
#...............
#...............
#..@.............
######.................
#..............#+#
#..............#.#
#.........Z....#.#
#...$..........#.#######
#......####'###.......[#
###########.###...)....#
#................##


You could see an orc priest, a worker ant zombie (wandering) and a kobold.

Vanquished Creatures
  An orc priest (D:3)
  2 hounds
  Terence (D:2)
  5 adders
  An ooze (D:3)
  2 worms (D:2)
  2 dart slugs
  3 leopard geckos
  An orc (D:3)
  3 bats
  2 giant cockroaches
  7 goblins
  7 hobgoblins
  6 jackals
  6 kobolds
  3 frilled lizards
  4 rats
56 creatures vanquished.

Vanquished Creatures (collateral kills)
  A hobgoblin (D:2)
1 creature vanquished.

Grand Total: 57 creatures vanquished

Notes
Turn   | Place    | Note
-------+----------+-------------------------------------------
     0 | D:1      | Starchild the Vampire Necromancer began the quest for the
                  | Orb.
     0 | D:1      | Reached XP level 1. HP: 13/13 MP: 3/3
   143 | D:1      | Reached XP level 2. HP: 18/19 MP: 3/5
   282 | D:1      | Reached skill level 5 in Necromancy
   549 | D:2      | Reached XP level 3. HP: 24/24 MP: 6/6
   564 | D:2      | Learned a level 1 spell: Animate Skeleton
   568 | D:2      | Learned a level 3 spell: Vampiric Draining
   633 | D:2      | Noticed Terence
  1223 | D:2      | Killed Terence
  1223 | D:2      | Reached skill level 6 in Necromancy
  1223 | D:2      | Reached XP level 4. HP: 8/30 MP: 2/7
  2580 | D:2      | Reached skill level 1 in Short Blades
  3349 | D:3      | Reached XP level 5. HP: 35/35 MP: 8/8
  3503 | D:3      | Reached skill level 7 in Necromancy
  3782 | D:3      | Killed from afar by an orc priest

Skill      XL: |  1  2  3  4  5 |
---------------+----------------+-----
Necromancy     | 5 6 7 |  7.2
Short Blades   | 1 2 |  2.2
Dodging        | |  2.1
Stealth        | |  3.0
Spellcasting   | |  2.0

Action                   |  1- 3 |  4- 6 || total
-------------------------+-------+-------++-------
Melee: Dagger            |    33 |    84 ||   117
       Bite              |     3 |     8 ||    11
 Cast: Pain              |    28 |    42 ||    70
       Vampiric Draining |     2 |     7 ||     9
       Animate Skeleton  |     2 |       ||     2
 Abil: End Transformatio |     1 |       ||     1
       Bat Form          |     1 |       ||     1
  Use: Potion            |       |     5 ||     5
 Stab: Sleeping          |     4 |     5 ||     9
  Eat: Corpse            |       |     1 ||     1
Armor: Robe              |    16 |     9 ||    25
Dodge: Dodged            |    51 |    51 ||   102
